 Dungeon Crawl Stone Soup version 0.29-a0-416-g83a48905f1 (webtiles) character file.

Game seed: 14574796305402442087

380 Foxy the Cutter (level 6, -2/51 HPs)
             Began as a Palentonga Fighter on May 17, 2022.
             Slain by a gnoll shaman
             ... wielding a +0 whip
              (4 damage)
             ... on level 4 of the Dungeon.
             The game lasted 00:04:49 (4709 turns).

Foxy the Cutter (Palentonga Fighter)                Turns: 4709, Time: 00:04:50

Health: -2/51      AC: 11    Str: 20    XL:     6   Next: 46%
Magic:  6/6        EV:  8    Int:  8    God:
Gold:   236        SH:  9    Dex: 11    Spells: 5/5 levels left

rFire   . . .      SeeInvis +   a - +0 rapier
rCold   . . .      Faith    .   c - +0 buckler
rNeg    . . .      Spirit   .   r - +0 ring mail
rPois   .          Reflect  +   n - +1 hat
rElec   .          Harm     .   t - +1 cloak
rCorr   .          Rampage  .   h - +1 pair of gloves
Will    .....                   (no barding)
Stlth   +.........              o - amulet of reflection
HPRegen 0.17/turn               (no ring)
MPRegen 0.10/turn               (no ring)

@: weak-willed
A: large, rugged brown scales 3, see invisible, deformed body, roll 1, armoured
tail
a: Rolling Charge


You were on level 4 of the Dungeon.
You visited 1 branch of the dungeon, and saw 4 of its levels.

You collected 236 gold pieces.

Inventory:

Hand Weapons
 a - a +0 rapier (weapon)
Missiles
 g - 2 poisoned darts
Armour
 c - a +0 buckler (worn)
 h - a +1 pair of gloves (worn)
 n - a +1 hat (worn)
 r - a +0 ring mail (worn)
 t - a +1 cloak (worn)
Jewellery
 o - an amulet of reflection (around neck)
Scrolls
 d - 3 scrolls of poison {unknown}
 i - 4 scrolls of identify {unknown}
 j - a scroll of fog {unknown}
 m - a scroll of enchant armour {unknown}
 p - 3 scrolls of teleportation {unknown}
 q - a scroll of immolation {unknown}
 u - a scroll of magic mapping {unknown}
Potions
 b - a potion of lignification {unknown}
 e - a potion of heal wounds
 k - a potion of curing {unknown}
 l - a potion of resistance {unknown}
 s - a potion of might


   Skills:
 + Level 4.2 Fighting
 * Level 4.6 Short Blades
 - Level 2.4 Armour
 + Level 2.0 Stealth
 + Level 3.7 Shields


You had 5 spell levels left.
You didn't know any spells.
Your spell library contained the following spells:

 Spells                   Type           Power      Damage    Failure   Level
 Animate Skeleton         Necr           0%         N/A       65%         1
 Freeze                   Ice            0%         1d3       65%         1
 Pain                     Necr           0%         1d4       65%         1
 Dazzling Flash           Conj/Hex       0%         N/A       95%         3
 Frozen Ramparts          Ice            0%         1d2       95%         3
 Summon Guardian Golem    Hex/Summ       0%         N/A       95%         3
 Vampiric Draining        Necr           0%         2d6       95%         3
 Hailstorm                Conj/Ice       0%         3d3       100%        4
 Iskenderun's Mystic Bla  Conj/Tloc      0%         2d3       100%        4
 Starburst                Conj/Fire      0%         6d3       100%        6
 Orb of Destruction       Conj           0%         9d5       100%        7
 Spellforged Servitor     Conj/Summ      0%         N/A       100%        7


Dungeon Overview and Level Annotations

Branches:
Dungeon (4/15)
 Temple: D:4-7

Altars:
Yredelemnul


Innate Abilities, Weirdness & Mutations

You are completely covered in rugged brown scales. (AC +3, +7% HP)
You have supernaturally acute eyesight. (SInv)
Armour fits poorly on your strangely shaped body.
You can roll at nearby foes to attack.
You have a long armoured tail.


Message History

You tail-slap the gnoll shaman, but do no damage.
The gnoll shaman is severely wounded.
The gnoll throws a throwing net.
The throwing net hits you.
You become entangled in the net!
The gnoll completely misses you.
The gnoll shaman hits you but does no damage.
The gnoll hits you with a +0 club.
You feel much better. The gnoll barely misses you.
The gnoll shaman hits you with a +0 whip.
The gnoll hits you with a +0 club.
You tear a large gash into the net.
The gnoll hits you from afar with a +0 halberd.
The gnoll hits you from afar with a +0 halberd!
The gnoll shaman utters an invocation to its god.
The gnoll shaman is healed somewhat.
The gnoll hits you with a +0 club.
You struggle against the net.
The gnoll hits you from afar with a +0 halberd.
* * * LOW HITPOINT WARNING * * *
The gnoll shaman hits you with a +0 whip!
* * * LOW HITPOINT WARNING * * *
The gnoll hits you but does no damage.
Unknown command.
You feel much better. The gnoll hits you but does no damage.
The gnoll hits you from afar with a +0 halberd.
The gnoll shaman hits you with a +0 whip!
The gnoll hits you but does no damage.
You struggle against the net.
The gnoll hits you but does no damage.
The gnoll shaman hits you but does no damage.
The gnoll hits you but does no damage.
You shred the net and break free!
The gnoll throws a throwing net.
The throwing net closely misses you. The gnoll closely misses you.
The gnoll shaman hits you with a +0 whip.
* * * LOW HITPOINT WARNING * * *
You block the gnoll's attack.
Unknown command.
As you read the scroll labelled ASEESCHU ZOFOES, it crumbles to dust.
Magic quickly surges around you.
It was a scroll of vulnerability.
The gnoll hits you from afar with a +0 halberd!
* * * LOW HITPOINT WARNING * * *
The gnoll shaman hits you with a +0 whip.
You die...

######### #.......#
###.#####.#
######...#####.#
...##.#....##.#####
#.#####g##.#.##.#......#
#....g.@..(#....#..###.#
#..#..g)#######......#.#
#.##.. #....#.##.#.# ..
#.## #.####......# #..
..##.#.#######.### ##
.......>.# #.#
###.......#####.#
#.......##....#
#.......##..###


You could see a gnoll shaman (weak-willed) and 2 gnolls.

Vanquished Creatures
  A scorpion (D:4)
  A bullfrog zombie (D:4)
  A jelly (D:4)
  Crazy Yiuf (D:3)
  3 hound zombies (D:4)
  A gnoll (D:4)
  6 adders
  3 worms (D:2)
  3 dart slugs
  6 orcs
  8 ball pythons
  9 bats
  4 endoplasms
  3 giant cockroaches
  5 goblins
  7 hobgoblins
  14 jackals
  3 quokkas
  4 frilled lizards
  9 kobolds
  4 rats
96 creatures vanquished.

Vanquished Creatures (others)
  4 fungi (D:3)
  7 plants (D:3)
11 creatures vanquished.

Grand Total: 107 creatures vanquished

Notes
Turn   | Place    | Note
-------+----------+-------------------------------------------
     0 | D:1      | Foxy the Palentonga Fighter began the quest for the Orb.
     0 | D:1      | Reached XP level 1. HP: 19/19 MP: 1/1
   166 | D:1      | Reached XP level 2. HP: 25/25 MP: 2/2
   805 | D:1      | Reached XP level 3. HP: 25/31 MP: 3/3
  2052 | D:2      | Reached skill level 1 in Stealth
  2052 | D:2      | Reached XP level 4. HP: 23/37 MP: 4/4
  3363 | D:3      | Reached XP level 5. HP: 38/44 MP: 5/5
  3401 | D:3      | Found a faded altar of an unknown god.
  3607 | D:3      | Found a runed translucent door.
  3608 | D:3      | Noticed Crazy Yiuf
  3627 | D:3      | Killed Crazy Yiuf
  4424 | D:4      | Reached XP level 6. HP: 51/51 MP: 6/6
  4424 | D:4      | Found a basalt altar of Yredelemnul.
  4709 | D:4      | HP: 2/51 [gnoll/+0 halberd[a gnoll shaman] (8)]
  4709 | D:4      | Slain by a gnoll shaman

Illustrated notes

Levels and vault maps discovered:
D:1:      dpeg_arrival_water_temple_mockup, layout_loops_corners,
          hangedman_decor_clover_reticule
D:2:      layout_loops_corners, minmay_three_crescents
D:3:      layout_rooms, shapermc_ecumenical_altar_mp_ritualfount,
          uniq_crazy_yiuf_cottage
D:4:      layout_loops_cross, nicolae_yredelemnul_corpse_copse

Skill      XL: |  1  2  3  4  5  6 |
---------------+-------------------+-----
Shields        | 3 |  3.7
Short Blades   | 3 4 |  4.6
Stealth        | 1 2 |  2.0
Fighting       | 4 |  4.2
Armour         | |  2.4

Action                   |  1- 3 |  4- 6 || total
-------------------------+-------+-------++-------
Melee: Rapier            |   143 |   214 ||   357
       Tailslap          |    21 |    21 ||    42
 Abil: Rolling Charge    |     4 |     1 ||     5
  Use: Potion            |     1 |     3 ||     4
       Scroll            |       |     1 ||     1
Armor: Scale mail        |    77 |     6 ||    83
       Ring mail         |       |    87 ||    87
Dodge: Dodged            |    47 |    72 ||   119
Block: Buckler           |    30 |   111 ||   141
       Reflection        |       |     4 ||     4

Table legend: (Time is in decaauts)
 A = Elapsed time spent in this place.
 B = Non-inter-level travel time spent in this place.
 C = Inter-level travel time spent in this place.
 D = Time resting spent in this place.
 E = Time spent auto-exploring this place.
 F = Levels seen in this place.
 G = Mean time per level.
                   A        B        C        D        E       F      G
               +--------+--------+--------+--------+--------+-----+--------+
         Total |   4732 |   4544 |    188 |    445 |   3339 |   4 | 1183.0 |
       Dungeon |   4732 |   4544 |    188 |    445 |   3339 |   4 | 1183.0 |
               +--------+--------+--------+--------+--------+-----+--------+

Top non-repeatable levels by time:
     D:2: 1516 daAuts
     D:1: 1406 daAuts
     D:3: 1012 daAuts
     D:4: 797 daAuts
